 Dungeon Sprint DCSS version 0.27-a0-1105-g946c659c87 (webtiles) character file.

Game seed: 613876925371209780

7774 mhtbhm the Scorcher (level 11, -21/54 HPs)
             Began as a Deep Elf Fire Elementalist on Apr 30, 2021.
             Was the Champion of Vehumet.
             Killed from afar by a spriggan air mage (30 damage)
             ... with a bolt of lightning
             ... in the Dungeon (Sprint V: "Ziggurat Sprint").
             The game lasted 00:04:11 (979 turns).

mhtbhm the Scorcher (Deep Elf Fire Elementalist)     Turns: 979, Time: 00:04:12

Health: -21/54     AC:  9    Str:  5    XL:     11   Next: 1%
Magic:  21/32      EV: 18    Int: 36    God:    Vehumet [******]
Gold:   0          SH:  0    Dex: 15    Spells: 17/41 levels left

rFire    + . .     SeeInvis .   C - +8 lance "Wyrmbane" {slay drac, rPois rF+ rC+ AC+3}
rCold    + . .     Faith    .   (no shield)
rNeg     . . .     Spirit   .   a - +2 robe
rPois    +         Reflect  .   (no helmet)
rElec    .         Harm     .   (no cloak)
rCorr    .         Rampage  .   s - +1 pair of gloves {archery}
Will     +....     NoTele   +   (no boots)
Stlth    +++.......             J - amulet of magic regeneration
HPRegen  0.18/turn              u - +6 ring of intelligence
MPRegen  0.23/turn              v - +6 ring of intelligence

@: studying Long Blades
A: no striking features
a: Renounce Religion


You were in the Dungeon.
You worshipped Vehumet.
Vehumet was exalted by your worship.
You visited 1 branch

Inventory:

Hand Weapons
 C - the +8 lance "Wyrmbane" (weapon) {slay drac, rPois rF+ rC+ AC+3}
   (You found it in the Dungeon)

   It affects your AC (+3).
   It protects you from fire.
   It protects you from cold.
   It protects you from poison.
Armour
 a - a +2 robe (worn)
 s - a +1 pair of gloves of archery (worn)
Jewellery
 t - a ring of wizardry
 u - a +6 ring of intelligence (left hand)
 v - a +6 ring of intelligence (right hand)
 J - an amulet of magic regeneration (around neck)
Wands
 y - a wand of mindburst (7)
 z - a wand of iceblast (4)
 A - a wand of acid (6)
Scrolls
 h - 3 scrolls of blinking
 m - 4 scrolls of amnesia
 n - 7 scrolls of fog
 o - 2 scrolls of holy word
 p - 5 scrolls of identify
 q - 2 scrolls of fear
 I - a scroll of brand weapon
Potions
 b - 2 potions of brilliance
 c - 10 potions of curing
 d - 10 potions of heal wounds
 e - 22 potions of haste
 f - 7 potions of magic
 g - 3 potions of berserk rage
 i - 2 potions of invisibility
 j - 4 potions of resistance
 k - a potion of experience
 l - 5 potions of might
Miscellaneous
 r - a phantom mirror
 w - a box of beasts
 x - a tin of tremorstones (2/2)
 B - a lightning rod (4/4)
 D - a condenser vane (inert)


   Skills:
 + Level 11.5 Dodging
 - Level 4.0 Stealth
 + Level 15.9 Spellcasting
 + Level 8.3 Conjurations
 + Level 19.5 Fire Magic
 + Level 7.1 Evocations


You had 17 spell levels left.
You knew the following spells:

 Your Spells              Type           Power      Damage    Failure   Level
a - Foxfire               Conj/Fire      100%       2x1d9     0%          1
b - Conjure Flame         Conj/Fire      91%        6-21      0%          3
c - Inner Flame           Hex/Fire       78%        N/A       1%          3
d - Sticky Flame          Conj/Fire      91%        2d10      1%          4
e - Fireball              Conj/Fire      45%        3d18      1%          5
f - Stone Arrow           Conj/Erth      100%       3d13      1%          3
g - Lee's Rapid Deconstr  Erth           14%        3d10*     10%         5

Your spell library contained the following spells:

 Spells                   Type           Power      Damage    Failure   Level
 Blink                    Tloc           N/A        N/A       1%          2
 Gell's Gravitas          Tloc           14%        N/A       3%          3
 Lesser Beckoning         Tloc           14%        N/A       3%          3
 Teleport Other           Tloc           28%        N/A       3%          3
 Yara's Violent Unravell  Hex/Tmut       14%        3d7       10%         5
 Cause Fear               Hex            14%        N/A       13%         4
 Manifold Assault         Tloc           28%        N/A       34%         5
 Silence                  Hex/Air        14%        N/A       34%         5
 Discord                  Hex            14%        N/A       100%        8


Dungeon Overview and Level Annotations

Branches:
Dungeon (1/1)

Altars:
Ashenzari
Cheibriados
Dithmenos
Elyvilon
Fedhas
Gozag
Hepliaklqana
Kikubaaqudgha
Makhleb
Nemelex Xobeh
Okawaru
Qazlal
Ru
Sif Muna
Trog
Uskayaw
Vehumet
Wu Jian
Xom
Yredelemnul
Zin
The Shining One
Beogh
Jiyva
Lugonu


Message History

The spriggan air mage is poisoned.
The spriggan air mage is engulfed in poison gas.
The spriggan air mage is poisoned. x2
A spriggan air mage comes into view.
The spriggan air mage is engulfed in poison gas.
The spriggan air mage is poisoned.
The spriggan air mage is engulfed in poison gas.
The spriggan air mage looks even sicker.
Unknown command.
Unknown command.
Unknown command.
Casting: Fireball (safe; 1% risk of failure)
Confirm with . or Enter, or press ? or * to list all spells.
Aiming: Fireball (safe; 1% risk of failure)
Press: ? - help, Shift-Dir - straight line The fireball explodes!
The fireball engulfs the wind drake!!!
The wind drake is severely wounded.
The fireball engulfs the spriggan air mage!!
The spriggan air mage is severely wounded.
The fireball engulfs the spriggan air mage!!
The spriggan air mage is heavily wounded.
The fireball engulfs the spriggan air mage!
The spriggan air mage is moderately wounded.
You hear an angry hiss.
You hear a deafening roar!
An air elemental comes into view.
The wind drake is engulfed in poison gas.
The wind drake looks even sicker.
The spriggan air mage is engulfed in poison gas.
The spriggan air mage looks even sicker.
The spriggan air mage is engulfed in poison gas.
The spriggan air mage looks even sicker.
The spriggan air mage waves its arms in wide circles.
The air twists around and strikes you!!
A wind drake comes into view.
The spriggan air mage gestures at you while chanting.
The bolt of lightning hits you!!
* * * LOW HITPOINT WARNING * * *
The bolt of lightning hits you!!
Ouch! That really hurt!
You die...

▓..}))....▓.
▓.§§§§Ek§.▓...=)|)..▓.
▓.§i§Ei§§.▓.........▓.
...ki.i..▓.........▓.
▓ ....... ▓.........▓.
▓. ..... .▓.........▓.
▓..▓...▓..▓.........▓.
▓.▓.....▓.▓.........▓.
▓....@....▓....©....▓▓
▓▓▓▓▓▓▓▓▓▓▓▓▓▓▓▓▓▓▓▓▓


You could see 2 wind drakes, 4 spriggan air magi and 2 air elementals.

Vanquished Creatures
  A soul eater (D)
  2 spriggan druids (D)
  A komodo dragon (D)
  A rime drake (D)
  2 freezing wraiths (D)
  2 ice devils (D)
  3 hornets (D)
  A polar bear (D)
  7 spriggans (D)
  2 necrophages (D)
  3 wolves (D)
  7 black bears (D)
  A phantom (D)
  2 bullfrogs (D)
  3 wights (D)
  2 quasits (D)
  3 orc priests (D)
  2 iguanas (D)
  An orc wizard (D)
  A river rat (D)
  A white imp (D)
  An ufetubus (D)
  3 adder skeletons (D)
  An adder zombie (D)
  An adder simulacrum (D)
  An orc (D)
  A spectral bat (D)
  3 bat skeletons (D)
  3 ball python zombies (D)
  A jackal simulacrum (D)
  A jackal skeleton (D)
  3 spectral ball pythons (D)
67 creatures vanquished.

Notes
Turn   | Place    | Note
-------+----------+-------------------------------------------
     0 | D        | mhtbhm the Deep Elf Fire Elementalist began the quest for
                  | the Orb.
     0 | D        | Reached XP level 1. HP: 10/10 MP: 6/6
     0 | D        | Found a shimmering blue altar of Sif Muna.
     0 | D        | Found a bloodstained altar of Trog.
     0 | D        | Found a sacrificial altar of Ru.
     0 | D        | Found a stormy altar of Qazlal.
     0 | D        | Found an iron altar of Okawaru.
     1 | D        | Found a sparkling altar of Nemelex Xobeh.
     1 | D        | Found a blossoming altar of Fedhas.
     2 | D        | Found the +6 Majin-Bo {vamp, MP+6 Int+6}
     2 | D        | Found the +9 heavy crossbow "Sniper" {vorpal, Acc+∞ SInv}
     2 | D        | Found the +10 dark maul {vorpal}
     2 | D        | Found the +15 Maxwell's patent armour {-Cast -Tele rElec
                  | Will+ rCorr}
     2 | D        | Found the +18 shield of the Gong {rElec rN+ Will+ EV-5}
     2 | D        | Found the +14 obsidian axe {vorpal, Drain Fly SInv}
     2 | D        | Found the +7 great mace "Firestarter" {inner flame, rF++}
     2 | D        | Found the +6 shillelagh "Devastator" {shatter}
     2 | D        | Found the +11 plutonium sword {Contam Stlth-}
     2 | D        | Found the +8 lance "Wyrmbane" {slay drac, rPois rF+ rC+
                  | AC+3}
     2 | D        | Found the +9 sword of Zonguldrok {reap}
     2 | D        | Found the +13 scythe of Curses {drain, Drain}
     2 | D        | Found the +5 sword of Power {vorpal}
     2 | D        | Found the +7 mace of Variability {chain chaos}
     2 | D        | Found the +7 Singing Sword {vorpal, sonic wave}
     2 | D        | Found the +8 storm bow {elec, penet}
     3 | D        | Found a transporter.
     3 | D        | Found an ancient bone altar of Kikubaaqudgha.
     3 | D        | Found a viscous altar of Jiyva.
     3 | D        | Found a corrupted altar of Lugonu.
     3 | D        | Found a hazy altar of Hepliaklqana.
     3 | D        | Found a burning altar of Makhleb.
     3 | D        | Found an opulent altar of Gozag.
    35 | D        | Became a worshipper of Vehumet
    55 | D        | Entered arena 2.
    55 | D        | Noticed a wight
    55 | D        | Noticed a wight
    55 | D        | Found a transporter.
    56 | D        | Identified the +6 flail of Zanov {chaos, rPois}
    58 | D        | Killed a wight
    58 | D        | Killed a wight
    59 | D        | Reached skill level 5 in Spellcasting
    59 | D        | Reached skill level 7 in Fire Magic
    59 | D        | Reached skill level 1 in Evocations
    59 | D        | Reached XP level 2. HP: 15/15 MP: 6/10
    59 | D        | Reached XP level 3. HP: 19/19 MP: 7/12
    59 | D        | Reached XP level 4. HP: 24/24 MP: 7/13
    63 | D        | Learned a level 3 spell: Conjure Flame
    67 | D        | Learned a level 3 spell: Inner Flame
    72 | D        | Learned a level 4 spell: Sticky Flame
   108 | D        | Entered arena 3.
   108 | D        | Found a transporter.
   109 | D        | Reached * piety under Vehumet
   109 | D        | Offered knowledge of Shock by Vehumet.
   110 | D        | Reached ** piety under Vehumet
   111 | D        | Reached skill level 5 in Dodging
   111 | D        | Reached skill level 9 in Fire Magic
   111 | D        | Reached XP level 5. HP: 28/28 MP: 14/16
   120 | D        | Got the ring "Yhassiko" {Str+4 Dex+6 Stlth+}
   135 | D        | Learned a level 5 spell: Fireball
   139 | D        | Entered arena 4.
   139 | D        | Noticed a spriggan
   139 | D        | Noticed a black bear
   139 | D        | Noticed a black bear
   139 | D        | Noticed a wolf
   139 | D        | Found a transporter.
   140 | D        | Killed a wolf
   141 | D        | Reached skill level 10 in Fire Magic
   141 | D        | Killed a black bear
   142 | D        | Reached skill level 11 in Fire Magic
   142 | D        | Reached XP level 6. HP: 32/32 MP: 6/18
   142 | D        | Killed a spriggan
   142 | D        | Reached *** piety under Vehumet
   143 | D        | Reached skill level 12 in Fire Magic
   143 | D        | Reached XP level 7. HP: 36/36 MP: 8/21
   319 | D        | Entered arena 5.
   319 | D        | Found a transporter.
   320 | D        | Offered knowledge of Sandblast by Vehumet.
   322 | D        | Reached skill level 13 in Fire Magic
   322 | D        | Reached **** piety under Vehumet
   323 | D        | Reached skill level 10 in Spellcasting
   378 | D        | Entered arena 6.
   378 | D        | Found a transporter.
   495 | D        | Entered arena 7.
   495 | D        | Noticed a spriggan
   495 | D        | Noticed a spriggan rider
   495 | D        | Noticed a spriggan
   497 | D        | Killed a spriggan
   497 | D        | Reached ***** piety under Vehumet
   497 | D        | Offered knowledge of Searing Ray by Vehumet.
   498 | D        | Reached skill level 14 in Fire Magic
   498 | D        | Reached XP level 8. HP: 41/41 MP: 15/24
   499 | D        | Killed a spriggan rider
   499 | D        | Killed a hornet
   500 | D        | Reached skill level 15 in Fire Magic
   500 | D        | Reached XP level 9. HP: 45/45 MP: 11/26
   501 | D        | Reached skill level 16 in Fire Magic
   501 | D        | Reached skill level 5 in Evocations
   501 | D        | Found a transporter.
   561 | D        | Entered arena 8.
   562 | D        | Found the +4 Cigotuvi's embrace {rMiasma Drain rN+}
   562 | D        | Reached ****** piety under Vehumet
   564 | D        | Found a transporter.
   571 | D        | Got the ring of Beauty {rElec rF+ rC- Str+4 Slay+2}
   588 | D        | Entered arena 9.
   588 | D        | Noticed a komodo dragon
   590 | D        | Killed a komodo dragon
   591 | D        | Reached skill level 10 in Dodging
   591 | D        | Reached skill level 5 in Conjurations
   593 | D        | Found a transporter.
   643 | D        | Entered arena 10.
   643 | D        | Noticed a spriggan druid
   643 | D        | Noticed a spriggan rider
   643 | D        | Noticed a spriggan rider
   643 | D        | Noticed a spriggan druid
   644 | D        | Found the +3 giant club "Skullcrusher" {speed, Str+7}
   645 | D        | Reached skill level 17 in Fire Magic
   645 | D        | Killed a spriggan druid
   645 | D        | Killed a spriggan druid
   646 | D        | Reached XP level 10. HP: 12/50 MP: 26/29
   646 | D        | Found a transporter.
   648 | D        | Reached skill level 18 in Fire Magic
   648 | D        | Killed a spriggan rider
   648 | D        | Killed a spriggan rider
   883 | D        | Entered arena 11.
   884 | D        | Offered knowledge of Stone Arrow by Vehumet.
   886 | D        | Reached skill level 15 in Spellcasting
   886 | D        | Reached skill level 19 in Fire Magic
   889 | D        | Found a transporter.
   932 | D        | Learned a level 3 spell: Stone Arrow
   932 | D        | Entered arena 12.
   933 | D        | Offered knowledge of Lee's Rapid Deconstruction by Vehumet.
   934 | D        | Noticed a soul eater
   937 | D        | Killed a soul eater
   938 | D        | Reached XP level 11. HP: 54/54 MP: 17/32
   939 | D        | Found a transporter.
   976 | D        | Learned a level 5 spell: Lee's Rapid Deconstruction
   977 | D        | Entered arena 13.
   977 | D        | Noticed a spriggan air mage
   977 | D        | Noticed a spriggan air mage
   977 | D        | Noticed a spriggan air mage
   978 | D        | Found the +8 whip "Snakebite" {curare, rPois}
   978 | D        | Noticed a spriggan air mage
   979 | D        | Killed from afar by a spriggan air mage

Illustrated notes

Levels and vault maps discovered:
D:        sprint_v [room_start, room_1, room_2, room_3, room_4, room_5, room_6,
          room_7, room_8, room_9, room_10, room_11, room_12, room_13, room_14,
          room_15, room_16, room_17, room_18, room_19, room_20, room_21,
          room_22, room_23, room_24, room_25, room_26, room_27]

Skill      XL: |  1  2  3  4  5  6  7  8  9 10 |
---------------+-------------------------------+-----
Dodging        | 4 5 6 7 8 9 10 11 | 11.5
Stealth        | 4 |  4.0
Spellcasting   | 5 6 7 9 10 11 13 15 | 15.9
Fire Magic     | 7 9 11 12 14 15 17 19 | 19.5
Evocations     | 1 2 3 4 6 7 |  7.1
Conjurations   | 2 3 4 6 8 |  8.3

Action                   |  1- 3 |  4- 6 |  7- 9 | 10-12 || total
-------------------------+-------+-------+-------+-------++-------
 Cast: Fireball          |       |     2 |    16 |    13 ||    31
Evoke: Wand              |     3 |     1 |       |       ||     4
       Lightning rod     |       |     2 |       |       ||     2
       Condenser vane    |       |       |     1 |     1 ||     2
  Use: Scroll            |       |       |       |     1 ||     1
Dodge: Dodged            |     1 |     1 |       |       ||     2

Table legend: (Time is in decaauts)
 A = Elapsed time spent in this place.
 B = Non-inter-level travel time spent in this place.
 C = Inter-level travel time spent in this place.
 D = Time resting spent in this place.
 E = Time spent auto-exploring this place.
 F = Levels seen in this place.
 G = Mean time per level.
                   A        B        C        D        E       F      G
               +--------+--------+--------+--------+--------+-----+--------+
         Total |    977 |    977 |      0 |    629 |      0 |   1 |  977.0 |
       Dungeon |    977 |    977 |      0 |    629 |      0 |   1 |  977.0 |
               +--------+--------+--------+--------+--------+-----+--------+

Top non-repeatable levels by time:
       D: 977 daAuts
